Map: Романтицид РВ

Players

leon

  • Race: Terran Terran
  • League: Master

Swisstox

  • Race: Terran Terran
  • League: Diamond

Kantara

  • Race: Zerg Zerg
  • League: Master
  • Spawn Location: 11:00

SWiggels

  • Race: Zerg Zerg
  • League: Diamond
  • Spawn Location: 5:00

VOD

Have the link to the VOD?

Description

Time

  • Played on: Dec. 27, 2020, 5:27 a.m.
  • Length: 6:14
Show
View Real Time Build Order
Export as new Build Order

leon Terran 

Build Orders:  

Get SALT Encoding   

Show
View Real Time Build Order
Export as new Build Order

Swisstox Terran 

Build Orders:  

Get SALT Encoding   

Show
View Real Time Build Order
Export as new Build Order

Kantara Zerg 

Build Orders:  

Get SALT Encoding   

  12  0:00  SCV  
  13  0:12  SCV  
  14  0:17  Supply Depot  
  14  0:24  SCV  
  15  0:38  SCV  
  15  0:41  Barracks  
  16  0:44  Refinery  
  16  0:50  SCV  
  17  1:03  SCV  
  18  1:15  SCV  
  19  1:28  Orbital Command  
  19  1:29  Reaper  
  20  1:39  Command Center  
  20  1:48  Supply Depot  
  20  1:53  SCV  
  21  2:01  Marine  
  21  2:05  SCV  
  23  2:11  Factory  
  23  2:17  SCV  
  24  2:23  Barracks Reactor, Refinery  
  24  2:29  SCV  
  25  2:42  SCV  
  26  2:52  SCV  
  26  2:54  SCV  
  28  2:58  Starport  
  28  3:04  Orbital Command  
  32  3:05  Hellion  
  32  3:06  Barracks Tech Lab, Hellion  
  32  3:23  SCV  
  37  3:27  Supply Depot, Hellion x2  
  37  3:39  SCV x2  
  37  3:41  Barracks Tech Lab  
  39  3:44  Banshee  
  39  3:46  Cloaking Field  
  42  3:52  Hellion x2  
  46  3:58  SCV x2  
  46  4:00  Marine  
  46  4:01  Stimpack  
  46  4:02  Supply Depot  
  49  4:10  SCV  
  49  4:13  SCV  
  49  4:17  Hellion  
  53  4:24  Hellion  
  55  4:27  SCV  
  55  4:29  Banshee  
  59  4:34  Command Center  
  57  4:38  SCV  
  57  4:39  SCV  
  57  4:49  Marauder  
  56  4:54  Barracks  
  56  5:01  Barracks, SCV x2  
  58  5:08  Refinery, Hellion x2  
  58  5:11  Refinery  
  62  5:16  Engineering Bay  
  62  5:17  Engineering Bay  
  62  5:20  Armory  
  62  5:36  Supply Depot  
  62  5:45  Marine, Hellion x2, SCV x2  
  62  5:48  Barracks Tech Lab  
  69  5:50  Barracks Reactor  
  69  5:57  SCV x2  
Show
View Real Time Build Order
Export as new Build Order

SWiggels Zerg 

Build Orders: Hatch First 

Get SALT Encoding   

  12  0:00  Drone  
  13  0:12  Overlord  
  13  0:16  Drone  
  14  0:31  Drone  
  14  0:32  Drone  
  16  0:49  Hatchery  
  15  0:52  Drone  
  16  0:57  Drone  
  17  1:12  Spawning Pool  
  17  1:13  Drone  
  17  1:17  Drone  
  18  1:22  Drone  
  19  1:28  Drone  
  20  1:40  Drone  
  21  1:49  Hatchery  
  20  2:02  Queen  
  20  2:07  Drone  
  20  2:08  Drone x2  
  25  2:15  Queen  
  25  2:19  Overlord  
  27  2:30  Spore Crawler  
  27  2:34  Extractor  
  25  2:40  Drone x4  
  25  2:41  Drone  
  27  2:51  Drone x2  
  27  2:52  Spore Crawler  
  27  2:56  Drone  
  31  3:01  Queen  
  31  3:02  Drone  
  31  3:03  Drone  
  35  3:08  Queen  
  35  3:12  Drone x2  
  39  3:19  Queen  
  41  3:21  Drone  
  41  3:25  Overlord  
  42  3:32  Spore Crawler  
  42  3:33  Spore Crawler  
  40  3:36  Drone x2  
  42  3:43  Drone x3  
  42  3:44  Drone x2  
  47  3:50  Queen  
  47  3:52  Drone  
  47  3:54  Overlord  
  50  4:13  Overlord  
  50  4:14  Drone x4  
  54  4:20  Drone x2  
  54  4:21  Overlord x2  
  54  4:22  Overlord  
  47  4:43  Drone  
  47  4:44  Queen, Drone x4  
  48  4:45  Queen  
  48  4:47  Drone x3  
  48  4:48  Drone x3  
  47  5:05  Drone x3  
  47  5:14  Drone x4  
  42  5:18  Drone x2  
  46  5:25  Drone x2  
  48  5:30  Drone x2  
  50  5:36  Drone  
  50  5:38  Zergling x4  
  53  5:45  Extractor  
  53  5:47  Drone  
  53  5:48  Extractor, Drone  
  51  5:57  Zergling x2  
  51  6:00  Drone x3  
Tags
 
Add a new tag
Caveats
  • Supply blocks, unpowered buildings, or Contaminate may cause inaccurate times.
  • Supply counts are checked every 10 seconds.